AoeStats
← AxD | Cad Bane

Arena

507111305Analyzed
2v2 RM · 15d ago on Sep 16, 2026· 58m 27s· 4 players
Game mode
Random Map
Map size
Medium (4 player)
Population
200
Speed
Normal
Resources
Standard
Victory
Conquest
Starting age
Dark Age
Ending age
Imperial Age
RankedLock teamsTeams togetherTeam positionsShared explorationLock speedFull tech treeHidden civsTurbo modeCheats
Victory
Defeat
🇦🇷 Wei · Argentina
1594
+17
🇦🇷 Poles · Argentina
1510
+21
🇨🇱 Burgundians · Chile
1659
-20
🇦🇷 Cumans · Argentina
1584
-18
DL | Lich
5:23 Loom
8:20 Feudal Age
8:52 Double-Bit Axe
8:48 Horse Collar
10:39 Town Watch
14:57 Wheelbarrow
21:20 Castle Age
22:29 Bow Saw
22:19 Heavy Plow
28:18 Gold Mining
28:20 Stone Mining
30:14 Gold Shaft Mining
30:16 Stone Shaft Mining
31:03 Scale Barding Armor
33:59 Imperial Age
31:47 Hand Cart
34:03 Imperial Age
32:10 Chain Barding Armor
32:14 Forging
33:32 Bloodlines
33:23 Husbandry
34:08 Heavy Hei Guang Cavalry
35:16 Ming Guang Armor
35:28 Iron Casting
38:15 Blast Furnace
37:38 Fletching
39:27 Parthian Tactics
39:08 Thumb Ring
39:37 Ballistics
40:18 Chemistry
40:30 Bodkin Arrow
42:02 Bracer
42:04 Light Cavalry
44:04 Padded Archer Armor
43:27 Hussar
46:18 Leather Archer Armor
46:54 Conscription
49:18 Ring Archer Armor
55:34 Masonry
Cyndaquil
5:45 Loom
8:31 Feudal Age
9:08 Double-Bit Axe
10:06 Town Watch
11:12 Horse Collar
17:38 Wheelbarrow
23:10 Castle Age
21:13 Gold Mining
21:23 Stone Mining
22:26 Scale Barding Armor
24:29 Bow Saw
23:40 Light Cavalry
24:56 Scale Barding Armor
27:22 Bloodlines
28:06 Chain Barding Armor
28:50 Heavy Plow
33:45 Scale Mail Armor
35:01 Chain Mail Armor
37:45 Imperial Age
36:58 Fletching
37:20 Padded Archer Armor
37:35 Bodkin Arrow
39:35 Chemistry
37:58 Crossbowman
38:13 Capped Ram
39:19 Arbalester
41:17 Bracer
42:20 Conscription
43:08 Leather Archer Armor
43:24 Thumb Ring
44:06 Forging
43:59 Husbandry
44:34 Siege Ram
47:06 Iron Casting
47:06 Ballistics
48:06 Hand Cart
50:50 Blast Furnace
52:26 Winged Hussar
AxD | Keiokenkun-Uno-Puro
4:53 Loom
8:29 Feudal Age
10:04 Double-Bit Axe
25:29 Horse Collar
27:57 Wheelbarrow
29:29 Castle Age
29:07 Gold Mining
30:54 Capped Ram
31:50 Bow Saw
31:44 Heavy Plow
32:45 Hand Cart
36:11 Imperial Age
34:15 Scale Barding Armor
34:46 Forging
35:32 Chain Barding Armor
36:26 Bloodlines
36:51 Town Watch
37:46 Crop Rotation
36:46 Cavalier
38:46 Plate Barding Armor
40:51 Iron Casting
46:40 Light Cavalry
49:00 Two-Man Saw
48:21 Fletching
48:57 Bodkin Arrow
49:03 Padded Archer Armor
50:35 Blast Furnace
48:58 Hussar
50:20 Elite Skirmisher
51:25 Ballistics
51:49 Steppe Husbandry
53:54 Paladin
56:32 Paladin
AxD | Cad Bane
0:41 Loom
8:52 Feudal Age
12:16 Loom
16:09 Double-Bit Axe
18:40 Scale Mail Armor
23:41 Castle Age
22:21 Forging
22:28 Bow Saw
22:09 Horse Collar
22:46 Arson
24:12 Heavy Plow
24:58 Chain Mail Armor
24:45 Squires
27:00 Stone Mining
27:52 Wheelbarrow
32:10 Iron Casting
35:04 Imperial Age
33:01 Hand Cart
32:32 Town Watch
33:49 Crop Rotation
34:20 Two-Man Saw
33:22 Padded Archer Armor
34:04 Burgundian Vineyards
34:53 Leather Archer Armor
36:48 Chemistry
35:10 Pikeman
37:03 Plate Mail Armor
37:33 Blast Furnace
36:26 Gold Mining
36:36 Halberdier
37:42 Conscription
37:40 Masonry
38:59 Fletching
40:32 Hoardings
43:15 Bodkin Arrow
43:33 Fortified Wall
43:04 Treadmill Crane
43:54 Architecture
43:10 Arrowslits
43:53 Redemption
43:54 Town Patrol
45:45 Elite Skirmisher
46:26 Bracer
48:33 Capped Ram
50:16 Ballistics
52:35 Stone Shaft Mining
54:06 Bombard Tower
55:56 Coinage
Connection lost

Rejoining the realm…

Still unreachable

The connection could not be restored.

Session expired

The server has moved on; the page needs a fresh start.